AoeStats
← NPG | NUNCAPUEDOGANAR

Arena

510403118Analyzed
1v1 RM · 7h ago on Sep 30, 2026· 64m 33s· 2 players
Game mode
Random Map
Map size
Tiny (2 player)
Population
200
Speed
Normal
Resources
Standard
Victory
Conquest
Starting age
Dark Age
Ending age
Imperial Age
RankedLock teamsTeams togetherTeam positionsShared explorationLock speedFull tech treeHidden civsTurbo modeCheats
Victory
Defeat
🇨🇱 Khmer · Chile
819
+15
🇮🇹 Burmese · Italy
793
-15
ChrisGabriel87
9:53 Feudal Age
16:02 Castle Age
14:39 Loom
14:43 Horse Collar
15:12 Fletching
18:15 Fervor
28:41 Imperial Age
28:42 Masonry
29:01 Redemption
29:12 Sanctity
29:11 Bodkin Arrow
30:33 Chemistry
29:54 Ballistics
30:44 Wheelbarrow
31:35 Conscription
32:14 Bracer
32:53 Murder Holes
32:48 Town Watch
33:37 Heavy Plow
35:11 Manipur Cavalry
35:40 Light Cavalry
37:11 Forging
37:07 Scale Barding Armor
36:45 Treadmill Crane
38:43 Bloodlines
38:36 Scale Mail Armor
39:21 Husbandry
39:48 Chain Barding Armor
39:19 Pikeman
42:32 Architecture
42:13 Fortified Wall
42:41 Plate Barding Armor
42:22 Chain Mail Armor
42:08 Padded Archer Armor
44:21 Howdah
46:08 Iron Casting
46:04 Plate Mail Armor
49:44 Elite Battle Elephant
53:07 Blast Furnace
57:34 Hand Cart
59:32 Man-at-Arms
59:58 Gambesons
60:14 Squires
62:57 Long Swordsman
NPG | NUNCAPUEDOGANAR
11:45 Feudal Age
12:50 Double-Bit Axe
16:40 Castle Age
14:51 Horse Collar
15:45 Gold Mining
17:11 Bloodlines
17:33 Light Cavalry
24:05 Heavy Plow
27:42 Wheelbarrow
26:55 Town Watch
30:28 Imperial Age
28:42 Loom
33:58 Chemistry
32:55 Hussar
33:36 Husbandry
34:04 Conscription
33:46 Double Crossbow
34:16 Ballistics
35:01 Siege Engineers
35:19 Hand Cart
35:50 Gold Shaft Mining
38:54 Scale Barding Armor
39:00 Forging
39:01 Murder Holes
40:19 Chain Barding Armor
39:36 Heavy Scorpion
42:24 Plate Barding Armor
42:00 Forging
51:27 Iron Casting
55:29 Capped Ram
58:47 Siege Ram
61:21 Blast Furnace
Connection lost

Rejoining the realm…

Still unreachable

The connection could not be restored.

Session expired

The server has moved on; the page needs a fresh start.